Kings vs Canadiens
Created - December 23, 2018 at 19:35
Goals
|
| Kings |
0 |
3 |
1 |
4 |
| Canadiens |
1 |
1 |
3 |
5 |
|
Shots
|
| Kings |
9 |
10 |
14 |
33 |
| Canadiens |
10 |
15 |
14 |
39 |
|
1st period
1. Canadiens , Enver Lisin 2 (Dustin Boyd 8) at 10:51
Penalties :
Staffan Kronwall (LAK) for Hooking (Minor) at 6:08, Johnny Gaudreau (LAK) for High sticking (Minor) at 17:59
2nd period
2. Kings , Victor Hedman 4 (Anze Kopitar 22, Jon Merrill 3) at 0:38
3. Kings , Jordan Eberle 12 (Victor Hedman 13, Anze Kopitar 23) at 8:54
4. Canadiens , Evgeny Dadonov 10 (Alexander Frolov 15, Mark Stuart 1) at 17:56 (PP)
5. Kings , Anze Kopitar 12 (Jon Merrill 4) at 18:02
Penalties :
Max Pacioretty (LAK) for Hooking (Minor) at 16:49
3rd period
6. Canadiens , Dustin Boyd 5 (Luke Schenn 16, Raphael Diaz 13) at 10:02
7. Kings , Drew Doughty 3 (Viktor Arvidsson 6) at 10:35
8. Canadiens , Frans Nielsen 13 (Evgeny Dadonov 13, Vitaly Vishnevsky 8) at 12:08 (PP)
9. Canadiens , Joe Pavelski 10 (Sidney Crosby 25, Raphael Diaz 14) at 12:32 (PP)
Penalties :
Max Pacioretty (LAK) for Hooking (Minor) at 0:03, Anze Kopitar (LAK) for Cross-checking (Minor) at 7:58, Anze Kopitar (LAK) for Roughing (Minor) at 11:51, Max Pacioretty (LAK) for Holding (Minor) at 12:19
Goalie Stats
Brian Elliott (LAK), 34 saves from 39 shots - (0.872), L, 10-11-3, 58:57 minutes
Henrik Lundqvist (Mon), 29 saves from 33 shots - (0.879), W, 14-12-2, 60:00 minutes
Players Stats for Kings
Player Name G A P +/- PIM S H SB GA TA FO MP PP MP PK MP
------------------------------------------------------------------------------------
Anze Kopitar 1 2 3 3 4 6 1 0 0 0 10/18 19:05 0:00 2:17
Derek Boogaard 0 0 0 4 0 0 2 1 0 1 0/0 15:44 0:00 0:11
Drew Doughty 1 0 1 1 0 5 2 1 0 0 0/0 23:33 0:00 3:40
Johnny Gaudreau 0 0 0 -1 2 3 0 1 0 0 2/2 12:07 0:00 0:40
Jon Merrill 0 2 2 2 0 0 3 1 0 0 0/0 26:08 0:00 5:53
Jordan Eberle 1 0 1 4 0 5 2 0 2 1 0/1 19:28 0:00 2:43
Max Pacioretty 0 0 0 -1 6 1 3 0 0 0 1/4 17:04 0:00 0:52
Paul Martin 0 0 0 0 0 1 1 0 0 0 0/0 11:47 0:00 0:45
Pierre-Marc Bouchard 0 0 0 -1 0 2 0 1 0 0 2/2 10:55 0:00 0:22
Ramzi Abid 0 0 0 0 0 2 0 0 0 0 0/0 13:11 0:00 5:59
Ryan Callahan 0 0 0 0 0 0 3 0 0 0 0/0 10:10 0:00 0:00
Shea Weber 0 0 0 1 0 2 3 0 2 1 0/0 25:25 0:00 5:53
Staffan Kronwall 0 0 0 -1 2 1 0 2 0 1 0/0 14:01 0:00 2:55
Steve Quailer 0 0 0 0 0 0 0 0 0 1 0/0 7:11 0:00 0:00
Tyler Johnson 0 0 0 -1 0 2 0 0 1 1 22/41 22:00 0:00 6:02
Valtteri Filppula 0 0 0 0 0 0 1 0 0 0 0/1 7:11 0:00 0:00
Victor Hedman 1 1 2 1 0 1 0 1 1 0 0/0 19:05 0:00 0:00
Viktor Arvidsson 0 1 1 -1 0 2 0 0 0 1 0/0 16:15 0:00 0:00
Players Stats for Canadiens
Player Name G A P +/- PIM S H SB GA TA FO MP PP MP PK MP
------------------------------------------------------------------------------------
Adam Pardy 0 0 0 0 0 1 0 0 1 0 0/0 11:45 0:00 0:00
Alexander Frolov 0 1 1 -1 0 4 2 0 1 0 1/2 19:27 4:47 0:00
Brett Maclean 0 0 0 0 0 2 1 0 0 0 0/0 10:00 0:00 0:00
Brock Nelson 0 0 0 1 0 1 1 0 0 0 0/0 8:51 0:30 0:00
David Jones 0 0 0 1 0 2 2 0 0 1 0/0 8:51 0:30 0:00
Dustin Boyd 1 1 2 1 0 2 3 0 0 1 2/6 10:35 0:30 0:00
Enver Lisin 1 0 1 0 0 1 2 0 0 0 0/1 10:00 0:00 0:00
Evgeny Dadonov 1 1 2 -1 0 7 0 1 1 0 0/1 18:35 4:47 0:00
Frans Nielsen 1 0 1 -1 0 4 0 0 1 2 10/18 19:27 4:47 0:00
Greg Stewart 0 0 0 -2 0 2 2 1 0 0 1/1 21:42 4:16 0:00
Joe Pavelski 1 0 1 -2 0 3 2 1 0 0 0/3 22:34 4:16 0:00
Luke Schenn 0 1 1 -1 0 0 1 1 0 1 0/0 29:12 6:03 0:00
Marcel Goc 0 0 0 0 0 3 0 0 0 0 0/3 8:16 0:00 0:00
Mark Stuart 0 1 1 -1 0 1 0 2 0 0 0/0 19:03 3:30 0:00
Raphael Diaz 0 2 2 -1 0 0 4 1 1 1 0/0 28:20 6:03 0:00
Shaone Morrisonn 0 0 0 0 0 2 1 0 0 0 0/0 12:37 0:00 0:00
Sidney Crosby 0 1 1 -2 0 1 2 1 0 0 18/34 21:42 4:16 0:00
Vitaly Vishnevsky 0 1 1 -1 0 3 1 0 2 0 0/0 19:03 3:30 0:00
3 Stars
1 - Dustin Boyd (Mon)
2 - Jordan Eberle (LAK)
3 - Anze Kopitar (LAK)
Power Play
Kings - 0 on 0 Attempt(s) - 0.00%
Canadiens - 3 on 7 Attempt(s) - 42.86%
Penalty Kill
Kings - 4 on 7 Attempt(s) - 57.14%
- Score 0 goal in Penalty Kill
Canadiens - 0 on 0 Attempt(s) - 0.00%
- Score 0 goal in Penalty Kill
Team Stat
Kings - Hits : 21 - Faceoff Wins : 37 - Blocked Shots : 8 - Penalty Minutes : 14
Canadiens - Hits : 24 - Faceoff Wins : 32 - Blocked Shots : 8 - Penalty Minutes : 0
Official
Referees : Unknown
Linesman : Unknown
Game Notes
13:59 of 2nd period - Canadiens goal is going for a video replay. After video review, No Goal. The attacking player has interfered with a goalkeeper in his goal crease.
Finance
Level 1 -- Attendance: 6000 (100.00%) -- Ticket Income $528,000
Level 2 -- Attendance: 4539 (90.78%) -- Ticket Income $249,645
Level 3 -- Attendance: 2000 (100.00%) -- Ticket Income $68,000
Level 4 -- Attendance: 3894 (97.35%) -- Ticket Income $101,244
Luxury Box -- Attendance: 1000 (100.00%) -- Ticket Income $148,000
Game was played at the Centre Bell.
Total Attendance: 17433 (96.85%)
Total Ticket Income: $1,094,889
Other Income: $164,233
Total Income: $1,259,122
Kings
5 vs 5 Forward
Center Left Wing Right Wing Time % Phy DF OF
1 Anze Kopitar Derek Boogaard Jordan Eberle 40 1 2 2
2 Tyler Johnson Max Pacioretty Viktor Arvidsson 40 0 2 3
3 Pierre-Marc Bouchard Johnny Gaudreau Ryan Callahan 15 1 1 3
4 Valtteri Filppula Ramzi Abid Steve Quailer 5 1 3 1
5 vs 5 Defense
Defense Defense Time % Phy DF OF
1 Shea Weber Victor Hedman 40 1 3 1
2 Drew Doughty Jon Merrill 40 1 3 1
3 Paul Martin Staffan Kronwall 20 0 4 1
4 Drew Doughty Shea Weber 0 1 2 2
PowerPlay Forward
Center Left Wing Right Wing Time % Phy DF OF
1 Anze Kopitar Johnny Gaudreau Jordan Eberle 60 0 1 4
2 Tyler Johnson Max Pacioretty Viktor Arvidsson 40 0 1 4
PowerPlay Defense
Defense Defense Time % Phy DF OF
1 Drew Doughty Victor Hedman 60 0 2 3
2 Shea Weber Pierre-Marc Bouchard 40 0 2 3
Penalty Kill 4 Players Forward
Center Wing Time % Phy DF OF
1 Tyler Johnson Ramzi Abid 60 1 3 1
2 Anze Kopitar Jordan Eberle 40 1 3 1
Penalty Kill 4 Players Defense
Defense Defense Time % Phy DF OF
1 Jon Merrill Shea Weber 60 1 4 0
2 Staffan Kronwall Drew Doughty 40 1 4 0
Penalty Kill - 3 Players Forward
Forward Time % Phy DF OF
1 Anze Kopitar 60 1 4 0
2 Tyler Johnson 40 1 4 0
Penalty Kill - 3 Players Defense
Defense Defense Time % Phy DF OF
1 Drew Doughty Jon Merrill 60 0 5 0
2 Shea Weber Staffan Kronwall 40 0 4 0
4 vs 4 Forward
Center Wing Time % Phy DF OF
1 Anze Kopitar Jordan Eberle 60 1 2 2
2 Tyler Johnson Max Pacioretty 40 1 2 2
4 vs 4 Defense
Defense Defense Time % Phy DF OF
1 Drew Doughty Victor Hedman 60 1 2 2
2 Shea Weber Staffan Kronwall 40 1 2 2
Last Minutes Offensive
Center Left Wing Right Wing Defense Defense
Anze Kopitar Johnny Gaudreau Jordan Eberle Drew Doughty Victor Hedman
Last Minutes Defensive
Center Left Wing Right Wing Defense Defense
Anze Kopitar Ramzi Abid Jordan Eberle Shea Weber Drew Doughty
Goaltenders
Starting : Brian Elliott
Backup : Pascal Leclaire
Extra Forwards
Normal : Anze Kopitar, Tyler Johnson, Pierre-Marc Bouchard - PP : Derek Boogaard, Ryan Callahan - PK : Max Pacioretty
Extra Defensemen
Normal : Drew Doughty, Shea Weber, Staffan Kronwall - PP : Staffan Kronwall - PK : Paul Martin, Victor Hedman
Penalty Shots
Anze Kopitar, Jordan Eberle, Viktor Arvidsson, Max Pacioretty, Shea Weber
Scratches
None
Canadiens
5 vs 5 Forward
Center Left Wing Right Wing Time % Phy DF OF
1 Sidney Crosby Greg Stewart Joe Pavelski 40 0 1 4
2 Frans Nielsen Alexander Frolov Evgeny Dadonov 30 0 1 4
3 Dustin Boyd Brett Maclean Enver Lisin 20 0 2 3
4 Marcel Goc Brock Nelson David Jones 10 0 3 2
5 vs 5 Defense
Defense Defense Time % Phy DF OF
1 Luke Schenn Raphael Diaz 40 0 2 3
2 Vitaly Vishnevsky Mark Stuart 30 0 2 3
3 Adam Pardy Shaone Morrisonn 20 0 3 2
4 Luke Schenn Raphael Diaz 10 0 3 2
PowerPlay Forward
Center Left Wing Right Wing Time % Phy DF OF
1 Sidney Crosby Greg Stewart Joe Pavelski 60 0 0 5
2 Frans Nielsen Alexander Frolov Evgeny Dadonov 40 0 0 5
PowerPlay Defense
Defense Defense Time % Phy DF OF
1 Raphael Diaz Luke Schenn 60 0 1 4
2 Vitaly Vishnevsky Mark Stuart 40 0 1 4
Penalty Kill 4 Players Forward
Center Wing Time % Phy DF OF
1 Dustin Boyd Alexander Frolov 60 0 5 0
2 Frans Nielsen David Jones 40 0 5 0
Penalty Kill 4 Players Defense
Defense Defense Time % Phy DF OF
1 Shaone Morrisonn Luke Schenn 60 1 4 0
2 Adam Pardy Mark Stuart 40 1 4 0
Penalty Kill - 3 Players Forward
Forward Time % Phy DF OF
1 Dustin Boyd 60 0 5 0
2 Marcel Goc 40 0 5 0
Penalty Kill - 3 Players Defense
Defense Defense Time % Phy DF OF
1 Shaone Morrisonn Luke Schenn 60 0 5 0
2 Mark Stuart Adam Pardy 40 0 5 0
4 vs 4 Forward
Center Wing Time % Phy DF OF
1 Sidney Crosby Greg Stewart 60 0 2 3
2 Frans Nielsen Alexander Frolov 40 0 2 3
4 vs 4 Defense
Defense Defense Time % Phy DF OF
1 Vitaly Vishnevsky Mark Stuart 60 0 2 3
2 Luke Schenn Raphael Diaz 40 0 2 3
Last Minutes Offensive
Center Left Wing Right Wing Defense Defense
Sidney Crosby Greg Stewart Joe Pavelski Luke Schenn Raphael Diaz
Last Minutes Defensive
Center Left Wing Right Wing Defense Defense
Frans Nielsen Alexander Frolov Joe Pavelski Shaone Morrisonn Luke Schenn
Goaltenders
Starting : Henrik Lundqvist
Backup : Allen York
Extra Forwards
Normal : Sidney Crosby, Frans Nielsen, Greg Stewart - PP : Sidney Crosby, Frans Nielsen - PK : Alexander Frolov
Extra Defensemen
Normal : Luke Schenn, Raphael Diaz, Shaone Morrisonn - PP : Luke Schenn - PK : Mark Stuart, Luke Schenn
Penalty Shots
Sidney Crosby, Frans Nielsen, Greg Stewart, Alexander Frolov, Joe Pavelski
Scratches
Dustin Kohn (Healthy), Wes O'Neill (Healthy)
% Time on Ice - Kings
Lines # - Real PCT - Wanted PCT - Time Play
Normal Forward
1 - 32% - 40% - 15:39
2 - 33% - 40% - 16:15
3 - 21% - 15% - 10:10
4 - 15% - 5% - 7:11
Normal Defense
1 - 37% - 40% - 18:20
2 - 40% - 40% - 19:53
3 - 22% - 20% - 11:02
4 - 0% - 0% - 0:00
PP Forward
1 - 0% - 60%
2 - 0% - 40%
PP Defense
1 - 0% - 60%
2 - 0% - 40%
PK Forward
1 - 72% - 60% - 6:50
2 - 28% - 40% - 2:43
PK Defense
1 - 62% - 60% - 5:53
2 - 38% - 40% - 3:40
PK3 Forward
1 - 0% - 60%
2 - 0% - 40%
PK3 Defense
1 - 0% - 60%
2 - 0% - 40%
44 Forward
1 - 0% - 60%
2 - 0% - 40%
44 Defense
1 - 0% - 60%
2 - 0% - 40%
Last Minute Offensive - 1:12
Last Minute Defensive - 0:00
Total
Forward - 60:00
Defense - 60:00
|
% Time on Ice - Canadiens
Lines # - Real PCT - Wanted PCT - Time Play
Normal Forward
1 - 35% - 40% - 17:31
2 - 28% - 30% - 13:48
3 - 20% - 20% - 10:00
4 - 17% - 10% - 8:16
Normal Defense
1 - 40% - 40% - 20:01
2 - 31% - 30% - 15:33
3 - 24% - 20% - 11:45
4 - 5% - 10% - 2:16
PP Forward
1 - 50% - 60% - 4:46
2 - 50% - 40% - 4:47
PP Defense
1 - 63% - 60% - 6:03
2 - 37% - 40% - 3:30
PK Forward
1 - 0% - 60%
2 - 0% - 40%
PK Defense
1 - 0% - 60%
2 - 0% - 40%
PK3 Forward
1 - 0% - 60%
2 - 0% - 40%
PK3 Defense
1 - 0% - 60%
2 - 0% - 40%
44 Forward
1 - 0% - 60%
2 - 0% - 40%
44 Defense
1 - 0% - 60%
2 - 0% - 40%
Last Minute Offensive - 0:00
Last Minute Defensive - 0:52
Total
Forward - 60:00
Defense - 60:00
|
Play by Play
1st period
0:01 of 1st period - Anze Kopitar wins face-off versus Sidney Crosby in neutral zone.
0:26 of 1st period - Frans Nielsen is hit by Shea Weber.
0:30 of 1st period - Backhand shot by Luke Schenn.
0:30 of 1st period - Shot Misses the Net.
0:32 of 1st period - Snap shot by Vitaly Vishnevsky.
0:32 of 1st period - Stopped by Brian Elliott without a rebound.
0:33 of 1st period - Tyler Johnson wins face-off versus Dustin Boyd in Kings zone.
0:33 of 1st period - Tyler Johnson is hit by Dustin Boyd.
0:43 of 1st period - Tyler Johnson is hit by Enver Lisin and loses puck.
1:00 of 1st period - Vitaly Vishnevsky is hit by Ryan Callahan and loses puck.
2:06 of 1st period - Max Pacioretty is hit by Dustin Boyd and loses puck.
3:09 of 1st period - Snap shot by Ramzi Abid.
3:09 of 1st period - Shot Blocked by Greg Stewart.
3:11 of 1st period - Slapshot by Paul Martin.
3:11 of 1st period - Stopped by Henrik Lundqvist without a rebound.
3:12 of 1st period - Sidney Crosby wins face-off versus Tyler Johnson in Canadiens zone.
3:24 of 1st period - Icing by Mark Stuart.
3:25 of 1st period - Sidney Crosby wins face-off versus Anze Kopitar in Canadiens zone.
3:39 of 1st period - Icing by Vitaly Vishnevsky.
3:40 of 1st period - Sidney Crosby wins face-off versus Max Pacioretty in Canadiens zone.
3:47 of 1st period - Wrist shot by Tyler Johnson.
3:47 of 1st period - Shot Misses the Net.
3:49 of 1st period - Slapshot by Tyler Johnson.
3:49 of 1st period - Shot Blocked by Sidney Crosby.
5:58 of 1st period - Snap shot by Dustin Boyd.
5:58 of 1st period - Shot Misses the Net.
6:08 of 1st period - Minor Penalty to Staffan Kronwall for Hooking.
6:09 of 1st period - Sidney Crosby wins face-off versus Tyler Johnson in Kings zone.
6:46 of 1st period - Off-side.
6:47 of 1st period - Anze Kopitar wins face-off versus Sidney Crosby in neutral zone.
7:04 of 1st period - Shea Weber is hit by Sidney Crosby and loses puck.
7:21 of 1st period - Snap shot by Alexander Frolov.
7:21 of 1st period - Stopped by Brian Elliott without a rebound.
7:22 of 1st period - Frans Nielsen wins face-off versus Tyler Johnson in Kings zone.
8:08 of 1st period - Penalty to Staffan Kronwall is over, Staffan Kronwall is back on ice.
9:15 of 1st period - Greg Stewart is hit by Drew Doughty and loses puck.
10:42 of 1st period - Wrist shot by Jordan Eberle.
10:42 of 1st period - Stopped by Henrik Lundqvist without a rebound.
10:43 of 1st period - Dustin Boyd wins face-off versus Tyler Johnson in Canadiens zone.
10:43 of 1st period - Dustin Boyd is hit by Shea Weber.
10:51 of 1st period - Wrist shot by Enver Lisin.
10:51 of 1st period - Goal by Enver Lisin - Kings : 0 - Canadiens : 1.
10:52 of 1st period - Tyler Johnson wins face-off versus Evgeny Dadonov in neutral zone.
11:06 of 1st period - Off-side.
11:07 of 1st period - Tyler Johnson wins face-off versus Dustin Boyd in neutral zone.
11:32 of 1st period - Victor Hedman is hit by Raphael Diaz and loses puck.
11:55 of 1st period - Wrist shot by David Jones.
11:55 of 1st period - Deflect By Marcel Goc.
11:55 of 1st period - Stopped by Brian Elliott without a rebound.
11:56 of 1st period - Tyler Johnson wins face-off versus Marcel Goc in Kings zone.
12:01 of 1st period - Max Pacioretty is hit by Shaone Morrisonn and loses puck.
12:12 of 1st period - Snap shot by Brock Nelson.
12:12 of 1st period - Shot Blocked by Victor Hedman.
12:14 of 1st period - Slapshot by Adam Pardy.
12:14 of 1st period - Deflect By Marcel Goc.
12:14 of 1st period - Stopped by Brian Elliott without a rebound.
12:15 of 1st period - Anze Kopitar wins face-off versus Frans Nielsen in Kings zone.
12:20 of 1st period - Wrist shot by Evgeny Dadonov.
12:20 of 1st period - Deflect By Frans Nielsen.
12:20 of 1st period - Shot Misses the Net.
12:20 of 1st period - Puck is out of play.
12:21 of 1st period - Frans Nielsen wins face-off versus Anze Kopitar in Kings zone.
12:34 of 1st period - Wrist shot by Alexander Frolov.
12:34 of 1st period - Shot Blocked by Jon Merrill.
12:48 of 1st period - Shaone Morrisonn is hit by Max Pacioretty and loses puck.
13:27 of 1st period - Icing by Shea Weber.
13:28 of 1st period - Dustin Boyd wins face-off versus Valtteri Filppula in Kings zone.
14:11 of 1st period - Slapshot by Drew Doughty.
14:11 of 1st period - Shot Blocked by Raphael Diaz.
14:13 of 1st period - Wrist shot by Drew Doughty.
14:13 of 1st period - Shot Misses the Net.
14:15 of 1st period - Slapshot by Drew Doughty.
14:15 of 1st period - Stopped by Henrik Lundqvist with a rebound.
14:17 of 1st period - Wrist shot by Ramzi Abid.
14:17 of 1st period - Stopped by Henrik Lundqvist with a rebound.
14:29 of 1st period - Snap shot by Ramzi Abid.
14:29 of 1st period - Stopped by Henrik Lundqvist with a rebound.
14:35 of 1st period - Slapshot by Luke Schenn.
14:35 of 1st period - Deflect By Dustin Boyd.
14:35 of 1st period - Shot Misses the Net.
14:35 of 1st period - Puck is out of play.
14:36 of 1st period - Tyler Johnson wins face-off versus Dustin Boyd in Kings zone.
14:45 of 1st period - Wrist shot by Viktor Arvidsson.
14:45 of 1st period - Shot Misses the Net.
15:25 of 1st period - Wrist shot by Enver Lisin.
15:25 of 1st period - Shot Misses the Net.
15:27 of 1st period - Wrist shot by Vitaly Vishnevsky.
15:27 of 1st period - Stopped by Brian Elliott with a rebound.
15:29 of 1st period - Slapshot by Vitaly Vishnevsky.
15:29 of 1st period - Stopped by Brian Elliott with a rebound.
15:35 of 1st period - Wrist shot by Brett Maclean.
15:35 of 1st period - Stopped by Brian Elliott with a rebound.
15:37 of 1st period - Slapshot by Adam Pardy.
15:37 of 1st period - Stopped by Brian Elliott without a rebound.
15:38 of 1st period - Anze Kopitar wins face-off versus Sidney Crosby in Kings zone.
16:02 of 1st period - Icing by Greg Stewart.
16:03 of 1st period - Pierre-Marc Bouchard wins face-off versus Sidney Crosby in Canadiens zone.
16:08 of 1st period - Snap shot by Pierre-Marc Bouchard.
16:08 of 1st period - Shot Blocked by Joe Pavelski.
16:28 of 1st period - Raphael Diaz is hit by Jordan Eberle and loses puck.
16:51 of 1st period - Slapshot by Greg Stewart.
16:51 of 1st period - Shot Misses the Net.
16:53 of 1st period - Snap shot by Joe Pavelski.
16:53 of 1st period - Shot Misses the Net.
17:01 of 1st period - Sidney Crosby is hit by Paul Martin and loses puck.
17:06 of 1st period - Snap shot by Jordan Eberle.
17:06 of 1st period - Shot Misses the Net.
17:08 of 1st period - Slapshot by Staffan Kronwall.
17:08 of 1st period - Stopped by Henrik Lundqvist with a rebound.
17:18 of 1st period - Snap shot by Anze Kopitar.
17:18 of 1st period - Stopped by Henrik Lundqvist with a rebound.
17:20 of 1st period - Slapshot by Jordan Eberle.
17:20 of 1st period - Stopped by Henrik Lundqvist with a rebound.
17:28 of 1st period - Slapshot by Anze Kopitar.
17:28 of 1st period - Stopped by Henrik Lundqvist without a rebound.
17:29 of 1st period - Frans Nielsen wins face-off versus Max Pacioretty in Canadiens zone.
17:59 of 1st period - Minor Penalty to Johnny Gaudreau for High sticking.
18:00 of 1st period - Tyler Johnson wins face-off versus Alexander Frolov in Kings zone.
19:08 of 1st period - Snap shot by Dustin Boyd.
19:08 of 1st period - Stopped by Brian Elliott without a rebound.
19:09 of 1st period - Max Pacioretty wins face-off versus Dustin Boyd in Kings zone.
19:59 of 1st period - Penalty to Johnny Gaudreau is over, Johnny Gaudreau is back on ice.
Goals for this period are 0 for Kings vs 1 for Canadiens.
Shots for this period are 9 for Kings vs 10 for Canadiens.
2nd period
0:01 of 2nd period - Tyler Johnson wins face-off versus Frans Nielsen in neutral zone.
0:27 of 2nd period - Raphael Diaz is hit by Derek Boogaard and loses puck.
0:36 of 2nd period - Snap shot by Anze Kopitar.
0:36 of 2nd period - Stopped by Henrik Lundqvist with a rebound.
0:38 of 2nd period - Slapshot by Victor Hedman.
0:38 of 2nd period - Goal by Victor Hedman - Kings : 1 - Canadiens : 1.
0:39 of 2nd period - Tyler Johnson wins face-off versus Frans Nielsen in neutral zone.
0:42 of 2nd period - Slapshot by Shea Weber.
0:42 of 2nd period - Deflect By Evgeny Dadonov.
0:42 of 2nd period - Stopped by Henrik Lundqvist with a rebound.
0:45 of 2nd period - Icing by Raphael Diaz.
0:46 of 2nd period - Frans Nielsen wins face-off versus Tyler Johnson in Canadiens zone.
0:57 of 2nd period - Wrist shot by Tyler Johnson.
0:57 of 2nd period - Stopped by Henrik Lundqvist with a rebound.
1:11 of 2nd period - Snap shot by Victor Hedman.
1:11 of 2nd period - Shot Misses the Net.
1:33 of 2nd period - Tyler Johnson is hit by Raphael Diaz and loses puck.
1:46 of 2nd period - Snap shot by Frans Nielsen.
1:46 of 2nd period - Stopped by Brian Elliott without a rebound.
1:47 of 2nd period - Sidney Crosby wins face-off versus Anze Kopitar in Kings zone.
2:14 of 2nd period - Jon Merrill is hit by Enver Lisin and loses puck.
2:35 of 2nd period - Slapshot by Brock Nelson.
2:35 of 2nd period - Shot Blocked by Pierre-Marc Bouchard.
2:37 of 2nd period - Slapshot by Shaone Morrisonn.
2:37 of 2nd period - Stopped by Brian Elliott with a rebound.
2:41 of 2nd period - Wrist shot by David Jones.
2:41 of 2nd period - Deflect By Brock Nelson.
2:41 of 2nd period - Shot Misses the Net.
2:41 of 2nd period - Puck is out of play.
2:42 of 2nd period - Johnny Gaudreau wins face-off versus Marcel Goc in Kings zone.
2:45 of 2nd period - Slapshot by Raphael Diaz.
2:45 of 2nd period - Deflect By Brock Nelson.
2:45 of 2nd period - Stopped by Brian Elliott with a rebound.
2:51 of 2nd period - Shea Weber is hit by David Jones and loses puck.
3:06 of 2nd period - Luke Schenn is hit by Shea Weber and loses puck.
3:51 of 2nd period - Raphael Diaz is hit by Ryan Callahan and loses puck.
4:24 of 2nd period - Snap shot by Johnny Gaudreau.
4:24 of 2nd period - Shot Blocked by Mark Stuart.
5:16 of 2nd period - David Jones is hit by Drew Doughty and loses puck.
5:23 of 2nd period - Jon Merrill is hit by David Jones.
5:31 of 2nd period - Snap shot by Pierre-Marc Bouchard.
5:31 of 2nd period - Stopped by Henrik Lundqvist without a rebound.
5:32 of 2nd period - Sidney Crosby wins face-off versus Tyler Johnson in Canadiens zone.
5:55 of 2nd period - Victor Hedman is hit by Joe Pavelski.
6:17 of 2nd period - Wrist shot by Evgeny Dadonov.
6:17 of 2nd period - Stopped by Brian Elliott with a rebound.
6:26 of 2nd period - Snap shot by Evgeny Dadonov.
6:26 of 2nd period - Shot Misses the Net.
6:36 of 2nd period - Dustin Boyd is hit by Max Pacioretty and loses puck.
6:45 of 2nd period - Snap shot by Viktor Arvidsson.
6:45 of 2nd period - Stopped by Henrik Lundqvist without a rebound.
6:46 of 2nd period - Anze Kopitar wins face-off versus Sidney Crosby in Canadiens zone.
6:49 of 2nd period - Slapshot by Anze Kopitar.
6:49 of 2nd period - Shot Hit the Post.
6:51 of 2nd period - Wrist shot by Anze Kopitar.
6:51 of 2nd period - Stopped by Henrik Lundqvist without a rebound.
6:52 of 2nd period - Anze Kopitar wins face-off versus Sidney Crosby in Canadiens zone.
7:53 of 2nd period - Snap shot by Alexander Frolov.
7:53 of 2nd period - Stopped by Brian Elliott with a rebound.
8:03 of 2nd period - Victor Hedman is hit by Greg Stewart.
8:21 of 2nd period - Enver Lisin is hit by Derek Boogaard and loses puck.
8:54 of 2nd period - Snap shot by Jordan Eberle.
8:54 of 2nd period - Goal by Jordan Eberle - Kings : 2 - Canadiens : 1.
8:55 of 2nd period - Sidney Crosby wins face-off versus Max Pacioretty in neutral zone.
8:57 of 2nd period - Off-side.
8:58 of 2nd period - Sidney Crosby wins face-off versus Tyler Johnson in neutral zone.
9:01 of 2nd period - Viktor Arvidsson is hit by Luke Schenn.
10:09 of 2nd period - Brock Nelson is hit by Max Pacioretty.
11:41 of 2nd period - David Jones is hit by Ryan Callahan and loses puck.
12:17 of 2nd period - Slapshot by Shaone Morrisonn.
12:17 of 2nd period - Stopped by Brian Elliott without a rebound.
12:18 of 2nd period - Tyler Johnson wins face-off versus Sidney Crosby in Kings zone.
13:12 of 2nd period - Derek Boogaard is hit by Raphael Diaz and loses puck.
13:47 of 2nd period - Snap shot by Frans Nielsen.
13:47 of 2nd period - Shot Misses the Net.
13:49 of 2nd period - Wrist shot by Frans Nielsen.
13:49 of 2nd period - Deflect By Shea Weber.
13:49 of 2nd period - Shot Misses the Net.
13:49 of 2nd period - Puck is out of play.
13:50 of 2nd period - Alexander Frolov wins face-off versus Tyler Johnson in Kings zone.
13:55 of 2nd period - Slapshot by Frans Nielsen.
13:55 of 2nd period - Shot Misses the Net.
13:57 of 2nd period - Backhand shot by Frans Nielsen.
13:57 of 2nd period - Shot Misses the Net.
13:59 of 2nd period - Wrist shot by Alexander Frolov.
13:59 of 2nd period - Deflect By Evgeny Dadonov.
13:59 of 2nd period - Canadiens goal is going for a video replay.
13:59 of 2nd period - The goal is refused. The attacking player has interfered with a goalkeeper in his goal crease..
14:00 of 2nd period - Tyler Johnson wins face-off versus Sidney Crosby in Kings zone.
15:12 of 2nd period - Drew Doughty is hit by Greg Stewart and loses puck.
15:31 of 2nd period - Icing by Johnny Gaudreau.
15:32 of 2nd period - Tyler Johnson wins face-off versus Marcel Goc in Kings zone.
15:46 of 2nd period - Snap shot by David Jones.
15:46 of 2nd period - Shot Blocked by Drew Doughty.
15:48 of 2nd period - Slapshot by Vitaly Vishnevsky.
15:48 of 2nd period - Shot Misses the Net.
15:58 of 2nd period - Snap shot by Evgeny Dadonov.
15:58 of 2nd period - Stopped by Brian Elliott without a rebound.
15:59 of 2nd period - Frans Nielsen wins face-off versus Anze Kopitar in Kings zone.
16:02 of 2nd period - Slapshot by Alexander Frolov.
16:02 of 2nd period - Shot Misses the Net.
16:26 of 2nd period - Derek Boogaard is hit by Brett Maclean and loses puck.
16:39 of 2nd period - Snap shot by Brett Maclean.
16:39 of 2nd period - Stopped by Brian Elliott without a rebound.
16:40 of 2nd period - Sidney Crosby wins face-off versus Tyler Johnson in Kings zone.
16:43 of 2nd period - Wrist shot by Sidney Crosby.
16:43 of 2nd period - Stopped by Brian Elliott without a rebound.
16:44 of 2nd period - Sidney Crosby wins face-off versus Tyler Johnson in Kings zone.
16:47 of 2nd period - Wrist shot by Greg Stewart.
16:47 of 2nd period - Shot Blocked by Staffan Kronwall.
16:49 of 2nd period - Minor Penalty to Max Pacioretty for Hooking.
16:50 of 2nd period - Tyler Johnson wins face-off versus Joe Pavelski in Kings zone.
17:21 of 2nd period - Ramzi Abid is hit by Raphael Diaz and loses puck.
17:28 of 2nd period - Slapshot by Alexander Frolov.
17:28 of 2nd period - Stopped by Brian Elliott without a rebound.
17:29 of 2nd period - Tyler Johnson wins face-off versus Sidney Crosby in Kings zone.
17:39 of 2nd period - Staffan Kronwall is hit by Joe Pavelski and loses puck.
17:52 of 2nd period - Snap shot by Evgeny Dadonov.
17:52 of 2nd period - Shot Misses the Net.
17:54 of 2nd period - Snap shot by Alexander Frolov.
17:54 of 2nd period - Shot Misses the Net.
17:56 of 2nd period - Snap shot by Evgeny Dadonov.
17:56 of 2nd period - Deflect By Drew Doughty.
17:56 of 2nd period - Goal by Evgeny Dadonov - Kings : 2 - Canadiens : 2.
17:57 of 2nd period - Anze Kopitar wins face-off versus Sidney Crosby in neutral zone.
18:00 of 2nd period - Snap shot by Jon Merrill.
18:00 of 2nd period - Shot Misses the Net.
18:02 of 2nd period - Snap shot by Anze Kopitar.
18:02 of 2nd period - Goal by Anze Kopitar - Kings : 3 - Canadiens : 2.
18:03 of 2nd period - Sidney Crosby wins face-off versus Tyler Johnson in neutral zone.
18:14 of 2nd period - Wrist shot by Joe Pavelski.
18:14 of 2nd period - Stopped by Brian Elliott without a rebound.
18:15 of 2nd period - Sidney Crosby wins face-off versus Tyler Johnson in Kings zone.
18:16 of 2nd period - Slapshot by Greg Stewart.
18:16 of 2nd period - Stopped by Brian Elliott with a rebound.
18:43 of 2nd period - Snap shot by Drew Doughty.
18:43 of 2nd period - Stopped by Henrik Lundqvist without a rebound.
18:44 of 2nd period - Frans Nielsen wins face-off versus Anze Kopitar in Canadiens zone.
18:55 of 2nd period - Jordan Eberle is hit by Alexander Frolov and loses puck.
19:18 of 2nd period - Snap shot by Frans Nielsen.
19:18 of 2nd period - Shot Misses the Net.
19:20 of 2nd period - Slapshot by Alexander Frolov.
19:20 of 2nd period - Shot Misses the Net.
19:22 of 2nd period - Wrist shot by Raphael Diaz.
19:22 of 2nd period - Shot Blocked by Derek Boogaard.
19:24 of 2nd period - Slapshot by Frans Nielsen.
19:24 of 2nd period - Shot Hit the Post.
19:48 of 2nd period - Snap shot by Frans Nielsen.
19:48 of 2nd period - Stopped by Brian Elliott with a rebound.
19:58 of 2nd period - Snap shot by Evgeny Dadonov.
19:58 of 2nd period - Shot Misses the Net.
Goals for this period are 3 for Kings vs 1 for Canadiens.
Shots for this period are 10 for Kings vs 15 for Canadiens.
3rd period
0:01 of 3rd period - Tyler Johnson wins face-off versus Sidney Crosby in neutral zone.
0:03 of 3rd period - Minor Penalty to Max Pacioretty for Hooking.
0:04 of 3rd period - Tyler Johnson wins face-off versus Sidney Crosby in Kings zone.
1:01 of 3rd period - Frans Nielsen is hit by Anze Kopitar and loses puck.
1:28 of 3rd period - Joe Pavelski is hit by Jon Merrill and loses puck.
2:03 of 3rd period - Penalty to Max Pacioretty is over, Max Pacioretty is back on ice.
2:39 of 3rd period - Raphael Diaz is hit by Valtteri Filppula and loses puck.
3:28 of 3rd period - Off-side.
3:29 of 3rd period - Greg Stewart wins face-off versus Tyler Johnson in neutral zone.
3:53 of 3rd period - Tyler Johnson is hit by Brock Nelson and loses puck.
4:02 of 3rd period - Snap shot by Marcel Goc.
4:02 of 3rd period - Stopped by Brian Elliott with a rebound.
4:04 of 3rd period - Slapshot by Vitaly Vishnevsky.
4:04 of 3rd period - Shot Hit the Post.
4:06 of 3rd period - Slapshot by David Jones.
4:06 of 3rd period - Stopped by Brian Elliott with a rebound.
4:20 of 3rd period - Slapshot by Drew Doughty.
4:20 of 3rd period - Stopped by Henrik Lundqvist with a rebound.
4:30 of 3rd period - Jon Merrill is hit by Dustin Boyd and loses puck.
4:49 of 3rd period - Snap shot by Viktor Arvidsson.
4:49 of 3rd period - Shot Blocked by Mark Stuart.
5:12 of 3rd period - Slapshot by Frans Nielsen.
5:12 of 3rd period - Stopped by Brian Elliott without a rebound.
5:13 of 3rd period - Frans Nielsen wins face-off versus Jordan Eberle in Kings zone.
5:14 of 3rd period - Wrist shot by Alexander Frolov.
5:14 of 3rd period - Shot Misses the Net.
5:22 of 3rd period - Jordan Eberle is hit by Alexander Frolov and loses puck.
5:53 of 3rd period - Wrist shot by Joe Pavelski.
5:53 of 3rd period - Stopped by Brian Elliott with a rebound.
6:29 of 3rd period - Wrist shot by Derek Boogaard.
6:29 of 3rd period - Shot Misses the Net.
6:47 of 3rd period - Wrist shot by Alexander Frolov.
6:47 of 3rd period - Stopped by Brian Elliott with a rebound.
6:49 of 3rd period - Slapshot by Mark Stuart.
6:49 of 3rd period - Stopped by Brian Elliott without a rebound.
6:50 of 3rd period - Pierre-Marc Bouchard wins face-off versus Frans Nielsen in Kings zone.
7:35 of 3rd period - Snap shot by Evgeny Dadonov.
7:35 of 3rd period - Stopped by Brian Elliott without a rebound.
7:36 of 3rd period - Sidney Crosby wins face-off versus Anze Kopitar in Kings zone.
7:58 of 3rd period - Minor Penalty to Anze Kopitar for Cross-checking.
7:59 of 3rd period - Sidney Crosby wins face-off versus Tyler Johnson in Kings zone.
8:16 of 3rd period - Snap shot by Greg Stewart.
8:16 of 3rd period - Stopped by Brian Elliott with a rebound.
9:11 of 3rd period - Jon Merrill is hit by Vitaly Vishnevsky and loses puck.
9:56 of 3rd period - Slapshot by Raphael Diaz.
9:56 of 3rd period - Shot Blocked by Staffan Kronwall.
9:58 of 3rd period - Penalty to Anze Kopitar is over, Anze Kopitar is back on ice.
10:00 of 3rd period - Slapshot by Luke Schenn.
10:00 of 3rd period - Shot Blocked by Johnny Gaudreau.
10:02 of 3rd period - Snap shot by Dustin Boyd.
10:02 of 3rd period - Goal by Dustin Boyd - Kings : 3 - Canadiens : 3.
10:03 of 3rd period - Tyler Johnson wins face-off versus Sidney Crosby in neutral zone.
10:06 of 3rd period - Sidney Crosby is hit by Jon Merrill and loses puck.
10:17 of 3rd period - Slapshot by Jon Merrill.
10:17 of 3rd period - Shot Misses the Net.
10:35 of 3rd period - Snap shot by Drew Doughty.
10:35 of 3rd period - Goal by Drew Doughty - Kings : 4 - Canadiens : 3.
10:36 of 3rd period - Tyler Johnson wins face-off versus Sidney Crosby in neutral zone.
10:39 of 3rd period - Slapshot by Viktor Arvidsson.
10:39 of 3rd period - Stopped by Henrik Lundqvist without a rebound.
10:40 of 3rd period - Sidney Crosby wins face-off versus Tyler Johnson in Canadiens zone.
11:13 of 3rd period - Drew Doughty is hit by Sidney Crosby and loses puck.
11:51 of 3rd period - Minor Penalty to Anze Kopitar for Roughing.
11:52 of 3rd period - Frans Nielsen wins face-off versus Tyler Johnson in Kings zone.
12:00 of 3rd period - Icing by Vitaly Vishnevsky.
12:01 of 3rd period - Tyler Johnson wins face-off versus Frans Nielsen in Canadiens zone.
12:02 of 3rd period - Backhand shot by Ramzi Abid.
12:02 of 3rd period - Shot Misses the Net.
12:08 of 3rd period - Wrist shot by Frans Nielsen.
12:08 of 3rd period - Goal by Frans Nielsen - Kings : 4 - Canadiens : 4.
12:09 of 3rd period - Sidney Crosby wins face-off versus Tyler Johnson in neutral zone.
12:19 of 3rd period - Minor Penalty to Max Pacioretty for Holding.
12:20 of 3rd period - Sidney Crosby wins face-off versus Tyler Johnson in Kings zone.
12:24 of 3rd period - Snap shot by Greg Stewart.
12:24 of 3rd period - Shot Misses the Net.
12:32 of 3rd period - Snap shot by Joe Pavelski.
12:32 of 3rd period - Goal by Joe Pavelski - Kings : 4 - Canadiens : 5.
12:33 of 3rd period - Tyler Johnson wins face-off versus Joe Pavelski in neutral zone.
12:38 of 3rd period - Slapshot by Drew Doughty.
12:38 of 3rd period - Stopped by Henrik Lundqvist without a rebound.
12:39 of 3rd period - Tyler Johnson wins face-off versus Joe Pavelski in Canadiens zone.
12:40 of 3rd period - Wrist shot by Viktor Arvidsson.
12:40 of 3rd period - Shot Misses the Net.
12:53 of 3rd period - Luke Schenn is hit by Jon Merrill and loses puck.
13:14 of 3rd period - Snap shot by Jordan Eberle.
13:14 of 3rd period - Shot Blocked by Luke Schenn.
13:34 of 3rd period - Snap shot by Johnny Gaudreau.
13:34 of 3rd period - Stopped by Henrik Lundqvist with a rebound.
13:36 of 3rd period - Slapshot by Drew Doughty.
13:36 of 3rd period - Shot Misses the Net.
13:54 of 3rd period - Slapshot by David Jones.
13:54 of 3rd period - Stopped by Brian Elliott with a rebound.
14:08 of 3rd period - Snap shot by Evgeny Dadonov.
14:08 of 3rd period - Stopped by Brian Elliott without a rebound.
14:09 of 3rd period - Frans Nielsen wins face-off versus Tyler Johnson in Kings zone.
14:10 of 3rd period - Wrist shot by Evgeny Dadonov.
14:10 of 3rd period - Stopped by Brian Elliott without a rebound.
14:11 of 3rd period - Tyler Johnson wins face-off versus Frans Nielsen in Kings zone.
15:44 of 3rd period - Wrist shot by Sidney Crosby.
15:44 of 3rd period - Shot Misses the Net.
15:58 of 3rd period - Snap shot by Pierre-Marc Bouchard.
15:58 of 3rd period - Stopped by Henrik Lundqvist with a rebound.
16:18 of 3rd period - Slapshot by Tyler Johnson.
16:18 of 3rd period - Stopped by Henrik Lundqvist with a rebound.
16:20 of 3rd period - Wrist shot by Viktor Arvidsson.
16:20 of 3rd period - Shot Misses the Net.
16:22 of 3rd period - Wrist shot by Max Pacioretty.
16:22 of 3rd period - Stopped by Henrik Lundqvist with a rebound.
16:34 of 3rd period - Evgeny Dadonov is hit by Jordan Eberle and loses puck.
17:03 of 3rd period - Slapshot by Shea Weber.
17:03 of 3rd period - Shot Misses the Net.
17:05 of 3rd period - Wrist shot by Steve Quailer.
17:05 of 3rd period - Shot Blocked by Evgeny Dadonov.
17:07 of 3rd period - Slapshot by Shea Weber.
17:07 of 3rd period - Stopped by Henrik Lundqvist with a rebound.
17:24 of 3rd period - Icing by Joe Pavelski.
17:25 of 3rd period - Anze Kopitar wins face-off versus Sidney Crosby in Canadiens zone.
17:26 of 3rd period - Slapshot by Jordan Eberle.
17:26 of 3rd period - Stopped by Henrik Lundqvist without a rebound.
17:27 of 3rd period - Anze Kopitar wins face-off versus Enver Lisin in Canadiens zone.
17:30 of 3rd period - Snap shot by Anze Kopitar.
17:30 of 3rd period - Shot Misses the Net.
17:58 of 3rd period - Icing by Max Pacioretty.
17:59 of 3rd period - Tyler Johnson wins face-off versus Sidney Crosby in Kings zone.
18:06 of 3rd period - Slapshot by Viktor Arvidsson.
18:06 of 3rd period - Shot Hit the Post.
18:44 of 3rd period - Wrist shot by Tyler Johnson.
18:44 of 3rd period - Shot Misses the Net.
18:47 of 3rd period - Icing by Vitaly Vishnevsky.
18:48 of 3rd period - Sidney Crosby wins face-off versus Anze Kopitar in Canadiens zone.
18:57 of 3rd period - Kings, Brian Elliott is pulled from the net.
19:07 of 3rd period - Slapshot by Johnny Gaudreau.
19:07 of 3rd period - Stopped by Henrik Lundqvist without a rebound.
19:08 of 3rd period - Ken Hitchcock call a timeout for Kings.
19:08 of 3rd period - Anze Kopitar wins face-off versus Frans Nielsen in Canadiens zone.
19:15 of 3rd period - Snap shot by Johnny Gaudreau.
19:15 of 3rd period - Shot Misses the Net.
19:31 of 3rd period - Wrist shot by Anze Kopitar.
19:31 of 3rd period - Stopped by Henrik Lundqvist with a rebound.
19:33 of 3rd period - Snap shot by Jordan Eberle.
19:33 of 3rd period - Deflect By Shaone Morrisonn.
19:33 of 3rd period - Stopped by Henrik Lundqvist with a rebound.
19:35 of 3rd period - Slapshot by Johnny Gaudreau.
19:35 of 3rd period - Stopped by Henrik Lundqvist without a rebound.
19:36 of 3rd period - Frans Nielsen wins face-off versus Anze Kopitar in Canadiens zone.
19:40 of 3rd period - Off-side.
19:41 of 3rd period - Johnny Gaudreau wins face-off versus Frans Nielsen in neutral zone.
Goals for this period are 1 for Kings vs 3 for Canadiens.
Shots for this period are 14 for Kings vs 14 for Canadiens.
Back to the Top